 Dungeon Crawl Stone Soup version 5.6-49-g8abd877 (webtiles) character file.

26 Moonstruck the Charmwright (level 4, 0/33 HPs)
             Began as a Merfolk Skald on Oct 20, 2018.
             Was an Initiate of Kikubaaqudgha.
             Slain by Crazy Yiuf
             ... wielding a +3 quarterstaff of chaos
              (5 damage)
             ... while paralysed by Crazy Yiuf
             ... on level 2 of the Dungeon.
             The game lasted 00:01:16 (1749 turns).

Moonstruck the Charmwright (Merfolk Skald)          Turns: 1749, Time: 00:01:16

Health: 0/33       AC:  4 (0%)Str: 12   XL:     4   Next: 4%
Magic:  4/4        EV:  2    Int: 12    God:    Kikubaaqudgha [0*[22]]
Gold:   131        SH:  0    Dex: 13    Spells: 4/7 levels left

rFire    . . .     SeeInvis .   a - +0 spear
rCold    . . .     Faith    .   (no shield)
rNeg     + . .     Spirit   .   e - +1 robe {rN+}
rPois    .         Reflect  .   (no helmet)
rElec    .                      (no cloak)
rCorr    .                      g - +0 pair of gloves
MR       .....                  (no boots)
Stlth    +.........             (no amulet)
Regen    0.2/turn               (no ring)
MPRegen  0.2/turn               (no ring)

@: paralysed, drained
A: change form in water, swift swim, stealthy swim
a: Stop Singing, Renounce Religion


You were on level 2 of the Dungeon.
You worshipped Kikubaaqudgha.
Kikubaaqudgha was noncommittal.
You were not hungry.

You visited 1 branch of the dungeon, and saw 2 of its levels.

You collected 131 gold pieces.

Inventory:

Hand Weapons
 a - a +0 spear (weapon)
Missiles
 f - 87 tomahawks (quivered)
 l - 91 poisoned darts
Armour
 b - a +0 leather armour
 e - a +1 robe of positive energy (worn)
 g - a +0 pair of gloves (worn)
Jewellery
 d - an uncursed ring of resist corrosion
 j - an uncursed amulet of guardian spirit
Scrolls
 c - a scroll of enchant armour
 h - 2 scrolls of teleportation
 k - a scroll of magic mapping
Potions
 i - 2 potions of heal wounds
 m - a potion of haste


   Skills:
 + Level 2.2(1.9) Fighting
 * Level 4.1(3.8) Polearms
 + Level 0.7(0.4) Armour
 + Level 1.7(1.4) Dodging
 + Level 0.5(0.2) Stealth
 * Level 5.0(4.7) Charms
 * Level 1.1(0.8) Necromancy


You had 4 spell levels left.
You knew the following spells:

 Your Spells              Type           Power        Failure   Level  Hunger
a - Infusion              Chrm           11 (25)      4%          1    N/A
b - Song of Slaying       Chrm           11 (100)     7%          2    N/A

Your spell library contained the following spells:

 Spells                   Type           Power        Failure   Level  Hunger
 Ozocubu's Armour         Chrm/Ice       5 (100)      77%         4    N/A
 Regeneration             Chrm/Necr      7 (200)      28%         3    N/A
 Spectral Weapon          Chrm/Summ      5 (100)      98%         5    N/A

Dungeon Overview and Level Annotations

Branches:
Dungeon (2/15)

Altars:
Elyvilon
Kikubaaqudgha
Nemelex Xobeh
Okawaru
Qazlal
Ru
Sif Muna
Yredelemnul

Annotations:
D:2 Crazy Yiuf


Message History

You hit Crazy Yiuf but do no damage.
Crazy Yiuf is lightly wounded.
Crazy Yiuf hits you with a +3 quarterstaff of chaos (10)!
You partially resist.
You feel drained (2).
You hit Crazy Yiuf but do no damage.
Crazy Yiuf is lightly wounded.
Crazy Yiuf closely misses you.
You hit Crazy Yiuf (2).
Crazy Yiuf is moderately wounded.
Crazy Yiuf hits you with a +3 quarterstaff of chaos (4).
You suddenly lose the ability to move!
Crazy Yiuf says, "Cholesterol!"
Crazy Yiuf hits you with a +3 quarterstaff of chaos (4).
* * * LOW HITPOINT WARNING * * *
You partially resist.
You feel drained (1).
* * * LOW HITPOINT WARNING * * *
Crazy Yiuf laughs, "Spliff!
Scoff chair illywillydillykilly."
Crazy Yiuf hits you with a +3 quarterstaff of chaos (5).
You die...
Kikubaaqudgha rasps: "You have failed me!
Welcome... death!"

#.#####........#...###..
#.# ########...♣....._
### ###...###.. #####
##### ##. #)..# #. #...#
##. ... #.. #g# #.♣ ♣@♣♣
#.. ♣♣.♣ #####. ♣.♣♣
#..... ♣♣.♣ #.#### ♣♣.♣♣
#.# ♣♣...♣ #.# ♣....♣
#.#### #....# #.##.#
#....# #.#...


You could see Crazy Yiuf.

Vanquished Creatures
  An adder (D:2)
  2 dart slugs (D:2)
  5 quokkas
  3 bats
  A giant cockroach (D:2)
  3 goblins
  6 hobgoblins
  6 jackals (D:2)
  A ball python (D:2)
  2 frilled lizards
  5 kobolds
  3 rats
38 creatures vanquished.

Notes
Turn   | Place    | Note
-------+----------+-------------------------------------------
     0 | D:1      | Moonstruck the Merfolk Skald began the quest for the Orb.
     0 | D:1      | Reached XP level 1. HP: 16/16 MP: 2/2
   368 | D:1      | Reached XP level 2. HP: 22/22 MP: 3/3
   374 | D:1      | Learned a level 2 spell: Song of Slaying
   992 | D:2      | Found an ancient bone altar of Kikubaaqudgha.
  1003 | D:2      | Reached skill level 1 in Necromancy
  1003 | D:2      | Reached XP level 3. HP: 22/27 MP: 3/3
  1026 | D:2      | Became a worshipper of Kikubaaqudgha
  1077 | D:2      | Found a basalt altar of Yredelemnul.
  1099 | D:2      | Found a white marble altar of Elyvilon.
  1210 | D:2      | Found a sacrificial altar of Ru.
  1224 | D:2      | Found a sparkling altar of Nemelex Xobeh.
  1226 | D:2      | Found a stormy altar of Qazlal.
  1269 | D:2      | Found a deep blue altar of Sif Muna.
  1301 | D:2      | Reached XP level 4. HP: 29/33 MP: 4/4
  1328 | D:2      | Reached skill level 5 in Charms
  1387 | D:2      | Found a faded altar of an unknown god.
  1556 | D:2      | Found a runed door.
  1653 | D:2      | Found an iron altar of Okawaru.
  1739 | D:2      | Noticed Crazy Yiuf
  1747 | D:2      | Paralysed by Crazy Yiuf for 2 turns
  1749 | D:2      | Slain by Crazy Yiuf

Skill      XL: |  1  2  3  4 |
---------------+-------------+-----
Necromancy     | 1 |  1.1
Polearms       | 4 |  4.1
Charms         | 5 |  5.0
Fighting       | |  2.2
Armour         | |  0.7
Dodging        | |  1.7
Stealth        | |  0.5

Action                   |  1- 3 |  4- 6 || total
-------------------------+-------+-------++-------
Melee: Spear             |   134 |    12 ||   146
 Cast: Song of Slaying   |     1 |       ||     1
 Stab: Sleeping          |     1 |       ||     1
Armor: Leather armour    |     8 |       ||     8
       Robe              |    20 |     1 ||    21
Dodge: Dodged            |    65 |     3 ||    68
